 Dungeon Crawl Stone Soup version 0.27-a0-414-gbb19ded6d3 (webtiles) character file.

Game seed: 17425606312733866378

55 wakim the Insei (level 3, -2/24 HPs)
             Began as an Octopode Transmuter on Feb 24, 2021.
             Was an Initiate of Dithmenos.
             Killed from afar by Natasha (7 damage)
             ... with a magic dart
             ... on level 2 of the Dungeon.
             The game lasted 00:04:40 (1294 turns).

wakim the Insei (Octopode Transmuter)               Turns: 1294, Time: 00:04:40

Health: -2/24      AC:  1    Str:  9    XL:     3   Next: 93%
Magic:  3/6        EV: 13    Int: 15    God:    Dithmenos [......]
Gold:   63         SH:  0    Dex: 13    Spells: 5/6 levels left

rFire    . . .     SeeInvis .     - Unarmed
rCold    . . .     Faith    .   (no shield)
rNeg     . . .     Spirit   .   (helmet currently unavailable)
rPois    .         Reflect  .   b - amulet of the acrobat
rElec    .         Harm     .   (no ring)
rCorr    .         Rampage  .   (no ring)
Will     .....                  (no ring)
Stlth    ++........             (no ring)
HPRegen  0.08/turn              (no ring)
MPRegen  0.10/turn              (no ring)
                                (no ring)
                                (no ring)

@: appendages, very slightly contaminated
A: almost no armour, stealthy swim, amphibious, 8 rings, constrict 8, tentacle
spike 3, camouflage 1, gelatinous body 1
a: End Transformation, Renounce Religion


You were on level 2 of the Dungeon.
You worshipped Dithmenos.
Dithmenos was noncommittal.
One of your tentacles had a temporary spike.
You visited 1 branch of the dungeon, and saw 2 of its levels.

You collected 63 gold pieces.

Inventory:

Missiles
 a - 2 throwing nets
Jewellery
 b - an amulet of the acrobat (around mantle)
Scrolls
 c - a scroll of enchant armour {unknown}
 d - a scroll of teleportation {unknown}
Potions
 e - a potion of haste {unknown}


   Skills:
 * Level 1.9 Fighting
 * Level 2.5 Dodging
 + Level 0.4 Stealth
 * Level 3.5 Unarmed Combat
 + Level 2.2 Spellcasting
 + Level 2.2 Transmutations


You had 5 spell levels left.
You knew the following spells:

 Your Spells              Type           Power        Failure   Level
a - Beastly Appendage     Tmut           16%          9%          1

Your spell library contained the following spells:

 Spells                   Type           Power        Failure   Level
 Wereblood                Tmut           8%           13%         2
 Spider Form              Tmut/Pois      2%           38%         3
 Ice Form                 Ice/Tmut       5%           80%         4
 Blade Hands              Tmut           4%           93%         5


Dungeon Overview and Level Annotations

Branches:
Dungeon (2/15)

Altars:
Dithmenos

Annotations:
D:2 Natasha


Innate Abilities, Weirdness & Mutations

You cannot wear most types of armour.
You are very stealthy in the water. (Stealth+)
You are amphibious.
You can wear up to eight rings at the same time.
You can use your tentacles to constrict eight enemies at once.
Your skin changes colour to match your surroundings (Stealth+).
Your rubbery body absorbs attacks. (AC +1, EV +1)
One of your tentacles bears a large vicious spike.


Message History

The hobgoblin shouts!
Natasha casts a spell.
Your transformation is almost over.
A giant cockroach comes into view.
Natasha mumbles some strange words.
Your tentacle spike disappears.
The crimson imp blinks!
Natasha wildly gestures.
Natasha glows brightly for a moment.
Natasha stares at you and mumbles some strange words.
The magic dart hits you!
Natasha mumbles some strange words.
Natasha casts a spell.
You miscast Beastly Appendage.
You are very lightly contaminated with residual magic.
Nothing appears to happen.
Casting: Beastly Appendage (safe; 9% risk of failure)
Confirm with . or Enter, or press ? or * to list all spells.
You miscast Beastly Appendage.
Nothing appears to happen.
The hobgoblin closely misses you.
Casting: Beastly Appendage (safe; 9% risk of failure)
Confirm with . or Enter, or press ? or * to list all spells.
One of your tentacles grows a vicious spike.
The hobgoblin closely misses you.
You tentacle-slap the hobgoblin. You grab the hobgoblin.
The hobgoblin is moderately wounded.
You constrict the hobgoblin, but do no damage.
Natasha barely misses you.
You tentacle-slap the hobgoblin.
You pierce the hobgoblin, but do no damage.
The hobgoblin is almost dead.
You constrict the hobgoblin, but do no damage.
The hobgoblin hits you. Natasha claws you!
* * * LOW HITPOINT WARNING * * *
You tentacle-slap the hobgoblin.
You kill the hobgoblin!
Dithmenos accepts your kill.
Natasha stares at you and mumbles some strange words.
The magic dart hits you!
You die...

##### #...# # #.#.# #
####### #.#.# # #...†.#
#.#.# # #####..#@.######.#.#
### #.....###h5....#.#.#
..### ##.##.g###..##....#.#
....####..###..#..###.##.#.#
....##.....##.....##..##.#.#
......†..................#.#
.........##.........##...#.#
........####h5._...####..#.#
.........##.........##...#.#


You could see Natasha and a white imp (summoned).

Vanquished Creatures
  2 adders (D:2)
  An ooze (D:1)
  4 leopard geckos
  A giant cockroach (D:2)
  4 goblins (D:1)
  4 hobgoblins
  4 kobolds (D:1)
  4 bats
  4 frilled lizards
  3 rats (D:1)
31 creatures vanquished.

Notes
Turn   | Place    | Note
-------+----------+-------------------------------------------
     0 | D:1      | wakim the Octopode Transmuter began the quest for the Orb.
     0 | D:1      | Reached XP level 1. HP: 13/13 MP: 3/3
    94 | D:1      | Reached XP level 2. HP: 14/18 MP: 3/5
   573 | D:1      | Reached XP level 3. HP: 19/23 MP: 4/6
  1162 | D:2      | Found a shadowy altar of Dithmenos.
  1262 | D:2      | Became a worshipper of Dithmenos the Shadowed
  1270 | D:2      | Noticed Natasha
  1294 | D:2      | Killed from afar by Natasha

Illustrated notes

Levels and vault maps discovered:
D:1:      dpeg_arrival_windows_large_door, layout_basic
D:2:      layout_basic, nicolae_dithmenos_shadow_blocks,
          chequers_temple_overflow_minitemple, fedhas_ov_isle_minmay,
          uniq_natasha

Action                   || total
-------------------------++-------
Melee: Unarmed           ||    71
       Kick              ||    16
       Tentacles         ||     9
       Punch             ||     1
       Constrict         ||    17
 Cast: Beastly Appendage ||    22
 Stab: Sleeping          ||     1
Armor: Skin              ||     6
Dodge: Dodged            ||    50

Table legend: (Time is in decaauts)
 A = Elapsed time spent in this place.
 B = Non-inter-level travel time spent in this place.
 C = Inter-level travel time spent in this place.
 D = Time resting spent in this place.
 E = Time spent auto-exploring this place.
 F = Levels seen in this place.
 G = Mean time per level.
                   A        B        C        D        E       F      G
               +--------+--------+--------+--------+--------+-----+--------+
         Total |   1289 |   1263 |     26 |    323 |    664 |   2 |  644.5 |
       Dungeon |   1289 |   1263 |     26 |    323 |    664 |   2 |  644.5 |
               +--------+--------+--------+--------+--------+-----+--------+

Top non-repeatable levels by time:
     D:1: 905 daAuts
     D:2: 384 daAuts
